 Dungeon Crawl Stone Soup version 0.29-a0-359-g541a27f54d (webtiles) character file.

Game seed: 8206238592075742430

146 Colgate the Cutter (level 5, 0/30 HPs)
             Began as a Kobold Brigand on Apr 28, 2022.
             Was a Believer of Lugonu.
             Slain by Colgate's ghost (1 damage)
             ... on level 3 of the Dungeon.
             The game lasted 00:08:18 (2580 turns).

Colgate the Cutter (Kobold Brigand)                 Turns: 2580, Time: 00:08:18

Health: 0/30       AC:  3    Str:  8    XL:     5   Next: 53%
Magic:  15/15      EV: 14    Int: 13    God:    Lugonu [**....]
Gold:   129        SH:  0    Dex: 18    Spells: 4/4 levels left

rFire   . . .      SeeInvis .   b - +1 dagger (drain)
rCold   . . .      Faith    .   (no shield)
rNeg    . . .      Spirit   .   u - +0 robe {Will+}
rPois   .          Reflect  .   (no helmet)
rElec   .          Harm     .   c - +0 cloak
rCorr   .          Rampage  .   (no gloves)
Will    +....                   (no boots)
Stlth   ++++......              (no amulet)
HPRegen 0.10/turn               n - ring of magical power
MPRegen 0.14/turn               (no ring)

@: no status effects
A: small, no large weapons, nightstalker 3
a: Renounce Religion, Depart the Abyss, Bend Space


You were on level 3 of the Dungeon.
You worshipped Lugonu.
Lugonu was pleased with you.
You visited 1 branch of the dungeon, and saw 3 of its levels.

You collected 129 gold pieces.

Inventory:

Hand Weapons
 a - a +2 short sword of electrocution
 b - a +1 dagger of draining (weapon)
 p - a +2 dagger
Missiles
 d - 9 poisoned darts (quivered)
 e - 3 curare-tipped darts
Armour
 c - a +0 cloak (worn)
 i - a +0 ring mail
 o - the +1 scale mail of Awe {rC+}
   (You found it on level 2 of the Dungeon)

   rC:        It protects you from cold.
 u - a +0 robe of willpower (worn)
Jewellery
 n - a ring of magical power (left hand)
Scrolls
 j - a scroll of summoning {unknown}
 k - a scroll of fear {unknown}
 s - a scroll of holy word {unknown}
 t - 2 scrolls of identify {@r1}
Potions
 f - a potion of mutation
 g - a potion of brilliance
 h - 3 potions of curing {@q1}
 l - a potion of resistance {unknown}
 m - a potion of magic {unknown}
 q - 4 potions of heal wounds {unknown}
 r - a potion of flight {unknown}


   Skills:
 - Level 2.1 Fighting
 + Level 6.3 Short Blades
 - Level 2.1 Throwing
 - Level 1.2 Dodging
 - Level 5.3 Stealth
 - Level 2.3 Invocations


You had 4 spell levels left.
You didn't know any spells.
Your spell library contained the following spells:

 Spells                   Type           Power      Damage    Failure   Level
 Corpse Rot               Necr/Air       0%         N/A       43%         2
 Poisonous Vapours        Pois/Air       0%         N/A       43%         2


Dungeon Overview and Level Annotations

Branches:
Dungeon (3/15)

Altars:
Makhleb
Nemelex Xobeh
Uskayaw
Lugonu

Shops:
D:3 (

Annotations:
D:3 Colgate's ghost, amateur KoBr


Innate Abilities, Weirdness & Mutations

You are small and have problems with some larger weapons.
You are completely attuned to the shadows.


Message History

A bat comes into view.
Colgate's ghost completely misses you.
You hit Colgate's ghost but do no damage.
You barely miss Colgate's ghost. Colgate's ghost completely misses you.
The bat hits you.
You hit Colgate's ghost but do no damage.
The bat barely misses you. Colgate's ghost hits you.
* * * LOW HITPOINT WARNING * * *
You barely miss Colgate's ghost. The bat hits you.
* * * LOW HITPOINT WARNING * * *
You barely miss Colgate's ghost. The bat hits you but does no damage.
Colgate's ghost hits you but does no damage.
You hit Colgate's ghost. The bat misses you.
Colgate's ghost closely misses you.
You hit Colgate's ghost. The bat barely misses you.
You hit Colgate's ghost. The bat misses you. Colgate's ghost hits you.
* * * LOW HITPOINT WARNING * * *
You closely miss Colgate's ghost. Colgate's ghost closely misses you.
You hit Colgate's ghost. The bat barely misses you.
You closely miss Colgate's ghost. The bat hits you.
* * * LOW HITPOINT WARNING * * *
Colgate's ghost misses you.
You closely miss Colgate's ghost.
Colgate's ghost hits you but does no damage.
You closely miss Colgate's ghost. The bat misses you.
You hit Colgate's ghost. The bat barely misses you.
Colgate's ghost hits you but does no damage.
You hit Colgate's ghost. The bat misses you. Colgate's ghost barely misses you.
You hit Colgate's ghost but do no damage.
The bat barely misses you.
You hit Colgate's ghost but do no damage.
Colgate's ghost hits you.
* * * LOW HITPOINT WARNING * * *
The bat completely misses you.
You hit Colgate's ghost but do no damage.
The bat closely misses you. Colgate's ghost barely misses you.
You barely miss Colgate's ghost.
You hit Colgate's ghost but do no damage.
The bat barely misses you. Colgate's ghost hits you.
You die...

# #..# #.#.##....... #
#..# #.#.##.....##
###.†#######.#.##.....#
#...........[#####....#
#.....########..)#....###.
#.....# #.?.#........
......# #.$.#....###.
......# ##W##....# ......#
#..@b....# #.....#
........### #...###
........# ##..# ........#
#..# ......!.# ##.# #>.


You could see Colgate's ghost and a bat.

Vanquished Creatures
  An orc priest (D:2)
  Jessica (D:3)
  An orc wizard (D:2)
  An adder (D:2)
  A dart slug (D:1)
  3 orcs (D:2)
  4 ball pythons
  3 endoplasms
  2 giant cockroaches
  6 goblins
  7 hobgoblins
  4 bats
  3 frilled lizards
  7 kobolds
  4 rats
48 creatures vanquished.

Notes
Turn   | Place    | Note
-------+----------+-------------------------------------------
     0 | D:1      | Colgate the Kobold Brigand began the quest for the Orb.
     0 | D:1      | Reached XP level 1. HP: 12/12 MP: 1/1
    56 | D:1      | Reached skill level 3 in Short Blades
   134 | D:1      | Reached XP level 2. HP: 17/17 MP: 2/2
   309 | D:1      | Reached skill level 4 in Short Blades
   687 | D:1      | Found a faded altar of an unknown god.
   691 | D:1      | Prayed at the altar of an unknown god.
   691 | D:1      | Became a worshipper of Lugonu the Unformed
   691 | D:1      | Reached * piety under Lugonu
   691 | D:1      | Reached ** piety under Lugonu
   694 | D:1      | Reached XP level 3. HP: 21/21 MP: 3/3
  1222 | D:2      | Reached skill level 5 in Short Blades
  1222 | D:2      | Reached XP level 4. HP: 26/26 MP: 4/4
  1237 | D:2      | Reached skill level 6 in Short Blades
  1333 | D:2      | Identified the +1 scale mail of Awe {rC+}
  1794 | D:2      | Reached XP level 5. HP: 30/30 MP: 5/5
  1797 | D:2      | Reached skill level 1 in Invocations
  1999 | D:3      | Noticed a +0 hand axe
  2000 | D:3      | Found a hide-covered altar of Uskayaw.
  2000 | D:3      | Noticed a +0 dagger
  2134 | D:3      | Noticed Jessica
  2136 | D:3      | Found Wumm's Antique Weapon Shop.
  2155 | D:3      | Killed Jessica
  2367 | D:3      | Found a burning altar of Makhleb.
  2478 | D:3      | Found a sparkling altar of Nemelex Xobeh.
  2545 | D:3      | Found a runed translucent door.
  2547 | D:3      | Noticed Colgate's ghost (amateur KoBr)
  2577 | D:3      | HP: 1/30 [Colgate's ghost (5)]
  2580 | D:3      | Slain by Colgate's ghost

Illustrated notes

Levels and vault maps discovered:
D:1:      mrwooster_arrival_statue, layout_basic,
          shapermc_ecumenical_altar_petra, minmay_bisected
D:2:      minmay_general_purpose_star, layout_basic,
          nicolae_elevator_lobby_asterisk
D:3:      layout_basic, grunt_qazlal_sundering, dancing_weapons_uskayaw,
          bloody_makhleb, nemelex_diamond_rough_becter,
          ebering_ghost_inner_flame, serial_shops, shop_statue,
          small_statue_intersection, uniq_jessica

Skill      XL: |  1  2  3  4  5 |
---------------+----------------+-----
Short Blades   | 3 4 5 6 |  6.3
Invocations    | 2 |  2.3
Fighting       | |  2.1
Throwing       | |  2.1
Dodging        | |  1.2
Stealth        | |  5.3

Action                   |  1- 3 |  4- 6 || total
-------------------------+-------+-------++-------
Melee: Dagger            |    44 |    53 ||    97
       Punch             |     1 |       ||     1
       Short sword       |       |    25 ||    25
Throw: Dart              |       |     8 ||     8
  Use: Scroll            |     2 |     1 ||     3
 Stab: Sleeping          |    12 |     8 ||    20
Armor: Robe              |     2 |     6 ||     8
       Ring mail         |     4 |     1 ||     5
       Scale mail        |       |    11 ||    11
Dodge: Dodged            |    18 |    35 ||    53

Table legend: (Time is in decaauts)
 A = Elapsed time spent in this place.
 B = Non-inter-level travel time spent in this place.
 C = Inter-level travel time spent in this place.
 D = Time resting spent in this place.
 E = Time spent auto-exploring this place.
 F = Levels seen in this place.
 G = Mean time per level.
                   A        B        C        D        E       F      G
               +--------+--------+--------+--------+--------+-----+--------+
         Total |   2546 |   2431 |    115 |    100 |   1954 |   3 |  848.7 |
       Dungeon |   2546 |   2431 |    115 |    100 |   1954 |   3 |  848.7 |
               +--------+--------+--------+--------+--------+-----+--------+

Top non-repeatable levels by time:
     D:2: 1102 daAuts
     D:1: 876 daAuts
     D:3: 567 daAuts
